 Dungeon Sprint DCSS version 0.22-a0-580-gd5db89c (webtiles) character file.

12784 emperorscorpion the Eclecticist (level 11, 0/60 HPs)
             Began as a Deep Elf Conjurer on July 3, 2018.
             Was the Champion of Vehumet.
             Shot with an arrow by a centaur warrior (5 damage)
             ... in the Dungeon (Sprint IX: "|||||||||||||||||||||||||||||").
             The game lasted 00:13:40 (3042 turns).

emperorscorpion the Eclecticist (Deep Elf Conjurer) Turns: 3042, Time: 00:13:41

Health: 0/60       AC: 12    Str: 11    XL:     11   Next: 67%
Magic:  6/37       EV: 19    Int: 24    God:    Vehumet [******]
Gold:   269        SH:  0    Dex: 15    Spells: 23/50 levels left

rFire    . . .     SeeInvis .   b - staff of energy
rCold    . . .     Gourm    .   (no shield)
rNeg     . . .     Faith    .   o - +0 robe
rPois    .         Spirit   .   x - +1 helmet
rElec    .         Reflect  .   z - +2 cloak
rCorr    .         Harm     .   F - +2 pair of gloves
MR       +....     NoTele   +   L - +1 pair of boots {run}
Stlth    ++++......             (no amulet)
HPRegen  0.20/turn              q - +3 ring of strength
MPRegen  0.25/turn              r - +3 ring of strength

@: quick
A: no striking features
a: Renounce Religion


You were in the Dungeon.
You worshipped Vehumet.
Vehumet was exalted by your worship.
You were not hungry.

You visited 1 branch You collected 1904 gold pieces.
You spent 1635 gold pieces at shops.

Inventory:

Hand Weapons
 a - a +4 scimitar of flaming
 n - a +2 morningstar of protection
 J - a +0 blowgun
Missiles
 E - 19 poisoned needles
Armour
 o - a +0 robe (worn)
 p - a +0 pair of boots
 t - a +0 pair of gloves
 x - a +1 helmet (worn)
 y - a +0 buckler
 z - a +2 cloak (worn)
 F - a +2 pair of gloves (worn)
 K - a +2 ring mail
 L - a +1 pair of boots of running (worn)
 M - +0 acid dragon scales
 N - +1 ice dragon scales
Magical Staves
 b - an uncursed staff of energy (weapon)
Jewellery
 q - a +3 ring of strength (left hand)
 r - a +3 ring of strength (right hand)
 B - an uncursed amulet of faith
 G - an uncursed ring of see invisible
 H - an uncursed ring of fire
 I - an uncursed ring of poison resistance
Wands
 l - a wand of acid (10)
 v - a wand of disintegration (7)
Scrolls
 i - 5 scrolls of blinking
 j - 6 scrolls of remove curse
 k - 2 scrolls of amnesia
 u - a scroll of fear
 C - 2 scrolls of identify
 O - 2 scrolls of enchant armour
 P - a scroll of fog
Potions
 d - 8 potions of curing
 e - 6 potions of heal wounds
 f - 2 potions of haste
 g - 4 potions of magic
 h - a potion of invisibility
 s - 3 potions of might
 w - a potion of resistance
 D - 3 potions of brilliance
Miscellaneous
 A - a sack of spiders
Comestibles
 c - 13 rations
 m - 3 chunks of flesh


   Skills:
 + Level 3.3 Fighting
 + Level 4.4 Long Blades
 + Level 9.7 Dodging
 + Level 7.1 Stealth
 * Level 2.3 Shields
 + Level 6.0 Unarmed Combat
 + Level 20.0 Spellcasting
 + Level 19.1 Conjurations
 + Level 0.7 Summonings
 + Level 1.2 Translocations
 + Level 2.2 Air Magic
 + Level 2.8 Poison Magic
 + Level 8.3 Evocations


You had 23 spell levels left.
You knew the following spells:

 Your Spells              Type           Power        Failure   Level  Hunger
a - Magic Dart            Conj           ####         0%          1    None
b - Iskenderun's Mystic   Conj           #######.     0%          4    None
c - Dazzling Spray        Conj/Hex       ######       1%          3    None
d - Force Lance           Conj/Tloc      ######..     1%          4    None
e - Mephitic Cloud        Conj/Pois/Air  ######..     1%          3    None
f - Yara's Violent Unrav  Hex/Tmut       ###.......   13%         5    None
g - Spellforged Servitor  Conj/Summ      ######....   7%          7    None

Your spell library contained the following spells:

 Spells                   Type           Power        Failure   Level  Hunger
 Throw Frost              Conj/Ice       ######       1%          2    None
 Freeze                   Ice            ###.         1%          1    None
 Summon Ice Beast         Ice/Summ       ####....     16%         4    None
 Ozocubu's Armour         Chrm/Ice       ###.....     5%          3    None
 Spider Form              Tmut/Pois      ####......   3%          3    None
 Blade Hands              Tmut           ###.......   45%         5    None
 Ice Form                 Ice/Tmut       ###.....     19%         4    None
 Throw Icicle             Conj/Ice       ######..     1%          4    None
 Sticks to Snakes         Tmut           ###.....     2%          2    None
 Beastly Appendage        Tmut           ###...       1%          1    None
 Fulminant Prism          Conj/Hex       ######....   1%          4    None
 Searing Ray              Conj           ######       0%          2    None


Dungeon Overview and Level Annotations

Branches:
Dungeon (1/1)

Altars:
Cheibriados
Dithmenos
Elyvilon
Fedhas
Gozag
Hepliaklqana
Kikubaaqudgha
Makhleb
Nemelex Xobeh
Okawaru
Qazlal
Ru
Sif Muna
Trog
Uskayaw
Vehumet
Wu Jian
Xom
Yredelemnul
Zin
The Shining One
Beogh
Jiyva
Lugonu

Shops:
D *%[*


Message History

Aiming: Iskenderun's Mystic Blast (safe; 0% risk of failure)
Press: ? - help, Shift-Dir - straight line, f - centaur warrior
Aim: a centaur warrior, wielding a longbow The orb of energy hits the centaur warrior.
The centaur warrior is heavily wounded.
The centaur warrior shoots an arrow.
The arrow hits you!!
Ouch! That really hurt!
* * * LOW HITPOINT WARNING * * *
A two-headed ogre comes into view.
It is wielding a dire flail of protection and a giant spiked club.
Casting: Iskenderun's Mystic Blast (safe; 0% risk of failure)
Confirm with . or Enter, or press ? or * to list all spells.
Aiming: Iskenderun's Mystic Blast (safe; 0% risk of failure)
Press: ? - help, Shift-Dir - straight line, f/p - centaur warrior
Aim: a centaur warrior, wielding a longbow (heavily wounded)
The orb of energy hits the centaur warrior.
The centaur warrior is severely wounded.
The orb of energy explodes!
The mystic blast hits the ice beast.
The ice beast is heavily wounded.
The centaur warrior shoots an arrow.
The arrow hits you.
You die...

▓▓▓▓▓▓▓▓▓▓▓▓▓▓▓▓▓▓▓▓▓▓▓▓▓▓▓▓
....OYc....@.......[[...[.))
▓▓▓▓▓▓▓▓▓▓▓▓▓▓▓▓▓▓▓▓▓▓▓▓▓▓▓▓▓▓▓▓▓
........)........................
▓▓▓▓▓▓▓▓▓▓▓▓▓▓▓▓▓▓▓▓▓▓▓▓▓▓▓▓▓▓▓▓▓
.∩.∩.∩.∩..)))).....)...)))))...))
▓▓▓▓▓▓▓▓▓▓▓▓▓▓▓▓▓▓▓▓▓▓▓▓▓▓▓▓▓▓▓▓▓
.................................
▓▓▓▓▓▓▓▓▓▓▓▓▓▓▓▓▓▓▓▓▓▓▓▓▓▓▓▓▓▓▓▓▓
(.)........†'.........'....÷...÷'


You could see a centaur warrior, a two-headed ogre and an ice beast.

Vanquished Creatures
  A hydra (D)
  A two-headed ogre (D)
  3 orc high priests (D)
  5 orc knights (D)
  A cyclops (D)
  3 orc sorcerers (D)
  Maurice (D)
  A black mamba (D)
  Psyche (D)
  A rime drake (D)
  3 spiny frogs (D)
  A komodo dragon (D)
  A troll (D)
  A wyvern (D)
  A yak (D)
  5 hell hounds (D)
  A warg (D)
  A water moccasin (D)
  4 porcupines (D)
  10 orc warriors (D)
  2 wolves (D)
  A necrophage (D)
  6 crocodiles (D)
  3 bullfrogs (D)
  A scorpion (D)
  A wight (D)
  A killer bee (D)
  7 orc wizards (D)
  A hound (D)
  An orc priest (D)
  2 worker ants (D)
  A shadow imp (D)
  An adder zombie (D)
  11 orcs (D)
  A bat (D)
  A bat skeleton (D)
  A bat zombie (D)
  3 kobolds (D)
  A rat (D)
92 creatures vanquished.

Vanquished Creatures (collateral kills)
  A freezing wraith (D)
1 creature vanquished.

Grand Total: 93 creatures vanquished

Notes
Turn   | Place    | Note
-------+----------+-------------------------------------------
     0 | D        | emperorscorpion the Deep Elf Conjurer began the quest for the Orb.
     0 | D        | Reached XP level 1. HP: 10/10 MP: 6/6
     5 | D        | Reached skill level 5 in Conjurations
    88 | D        | Noticed a hound
    88 | D        | Noticed a worker ant
    88 | D        | Noticed a worker ant
   101 | D        | Killed a worker ant
   101 | D        | Reached skill level 4 in Spellcasting
   101 | D        | Reached XP level 2. HP: 15/15 MP: 5/9
   104 | D        | Reached XP level 3. HP: 19/19 MP: 6/11
   119 | D        | Reached skill level 1 in Unarmed Combat
   119 | D        | Reached skill level 5 in Spellcasting
   119 | D        | Reached XP level 4. HP: 9/24 MP: 8/13
   133 | D        | Found a roughly hewn altar of Beogh.
   133 | D        | Found a snail-covered altar of Cheibriados.
   133 | D        | Found a shadowy altar of Dithmenos.
   133 | D        | Found a white marble altar of Elyvilon.
   133 | D        | Found a blossoming altar of Fedhas.
   133 | D        | Found an opulent altar of Gozag.
   134 | D        | Found a hazy altar of Hepliaklqana.
   135 | D        | Found a viscous altar of Jiyva.
   136 | D        | Found an ancient bone altar of Kikubaaqudgha.
   137 | D        | Found a corrupted altar of Lugonu.
   138 | D        | Found a burning altar of Makhleb.
   139 | D        | Found a sparkling altar of Nemelex Xobeh.
   140 | D        | Found an iron altar of Okawaru.
   141 | D        | Found a stormy altar of Qazlal.
   142 | D        | Found a sacrificial altar of Ru.
   143 | D        | Found a deep blue altar of Sif Muna.
   144 | D        | Found a bloodstained altar of Trog.
   145 | D        | Found a hide-covered altar of Uskayaw.
   146 | D        | Found a radiant altar of Vehumet.
   147 | D        | Found an ornate altar of the Wu Jian Council.
   148 | D        | Found a shimmering altar of Xom.
   149 | D        | Found a basalt altar of Yredelemnul.
   150 | D        | Found a glowing silver altar of Zin.
   151 | D        | Found a glowing golden altar of the Shining One.
   154 | D        | Became a worshipper of Vehumet
   192 | D        | Learned a level 4 spell: Iskenderun's Mystic Blast
   196 | D        | Learned a level 3 spell: Dazzling Spray
   349 | D        | Noticed a wyvern
   349 | D        | Noticed a necrophage
   365 | D        | Killed a wyvern
   365 | D        | Reached * piety under Vehumet
   365 | D        | Offered knowledge of Sandblast by Vehumet.
   365 | D        | Reached skill level 5 in Dodging
   365 | D        | Reached skill level 7 in Spellcasting
   365 | D        | Reached XP level 5. HP: 24/28 MP: 2/17
   366 | D        | Killed a necrophage
   366 | D        | Reached skill level 8 in Spellcasting
   366 | D        | Reached XP level 6. HP: 28/32 MP: 4/19
   368 | D        | Reached ** piety under Vehumet
   368 | D        | Reached skill level 1 in Evocations
   453 | D        | Learned a level 4 spell: Force Lance
   681 | D        | Noticed an orc warrior
   681 | D        | Noticed a cyclops
   683 | D        | Offered knowledge of Throw Flame by Vehumet.
   685 | D        | Reached skill level 9 in Spellcasting
   685 | D        | Reached XP level 7. HP: 27/36 MP: 4/21
   687 | D        | Killed a cyclops
   687 | D        | Reached *** piety under Vehumet
   687 | D        | Reached skill level 1 in Long Blades
   687 | D        | Reached skill level 10 in Spellcasting
   687 | D        | Reached skill level 5 in Stealth
   687 | D        | Reached XP level 8. HP: 32/42 MP: 4/24
   747 | D        | Reached skill level 11 in Spellcasting
   919 | D        | Noticed a black mamba
   919 | D        | Noticed a spiny frog
   920 | D        | Offered knowledge of Stone Arrow by Vehumet.
   925 | D        | Killed a black mamba
   925 | D        | Reached **** piety under Vehumet
   925 | D        | Reached skill level 1 in Fighting
   925 | D        | Reached skill level 12 in Spellcasting
   927 | D        | Killed a spiny frog
   927 | D        | Reached skill level 5 in Unarmed Combat
   927 | D        | Reached skill level 15 in Conjurations
   970 | D        | Reached XP level 9. HP: 32/47 MP: 11/27
   971 | D        | Reached skill level 13 in Spellcasting
  1073 | D        | Noticed a spiny frog
  1074 | D        | Offered knowledge of Mephitic Cloud by Vehumet.
  1077 | D        | Killed a spiny frog
  1077 | D        | Reached ***** piety under Vehumet
  1178 | D        | Learned a level 3 spell: Mephitic Cloud
  1178 | D        | Noticed a seven-headed hydra
  1178 | D        | Noticed a spiny frog
  1178 | D        | Noticed a rime drake
  1180 | D        | Offered knowledge of Ignite Poison by Vehumet.
  1180 | D        | Reached skill level 14 in Spellcasting
  1180 | D        | Killed a rime drake
  1181 | D        | Noticed a komodo dragon
  1201 | D        | Killed a seven-headed hydra
  1201 | D        | Reached skill level 15 in Spellcasting
  1202 | D        | Killed a spiny frog
  1202 | D        | Reached XP level 10. HP: 54/54 MP: 4/31
  1452 | D        | Offered knowledge of Throw Icicle by Vehumet.
  1452 | D        | Reached skill level 16 in Spellcasting
  1458 | D        | Reached ****** piety under Vehumet
  1770 | D        | Offered knowledge of Sticky Flame by Vehumet.
  1772 | D        | Noticed an orc knight
  1774 | D        | Reached skill level 1 in Translocations
  1782 | D        | Killed an orc knight
  1782 | D        | Reached skill level 17 in Spellcasting
  2009 | D        | Noticed an orc knight
  2011 | D        | Noticed an orc knight
  2018 | D        | Noticed an orc knight
  2019 | D        | Killed an orc knight
  2037 | D        | Offered knowledge of Irradiate by Vehumet.
  2045 | D        | Killed an orc knight
  2045 | D        | Reached skill level 18 in Spellcasting
  2045 | D        | Reached skill level 5 in Evocations
  2096 | D        | Killed an orc knight
  2181 | D        | Reached skill level 1 in Poison Magic
  2181 | D        | Reached XP level 11. HP: 60/60 MP: 22/35
  2205 | D        | Reached skill level 1 in Air Magic
  2207 | D        | Noticed an orc sorcerer
  2212 | D        | Killed an orc sorcerer
  2212 | D        | Offered knowledge of Yara's Violent Unravelling by Vehumet.
  2219 | D        | Learned a level 5 spell: Yara's Violent Unravelling
  2359 | D        | Found Ygaith's Assorted Antiques.
  2363 | D        | Noticed an orc sorcerer
  2385 | D        | Killed an orc sorcerer
  2463 | D        | Found Femaokk's Armour Shop.
  2467 | D        | Found Vocohoqi's Food Boutique.
  2471 | D        | Found Ifui's General Store.
  2473 | D        | Noticed an orc sorcerer
  2475 | D        | Noticed an orc high priest
  2477 | D        | Killed an orc sorcerer
  2479 | D        | Noticed an orc high priest
  2480 | D        | Killed an orc high priest
  2480 | D        | Reached skill level 19 in Spellcasting
  2482 | D        | Noticed an orc high priest
  2484 | D        | Noticed an orc knight
  2485 | D        | Killed an orc high priest
  2485 | D        | Offered knowledge of Spellforged Servitor by Vehumet.
  2683 | D        | Killed an orc high priest
  2708 | D        | Killed an orc knight
  2737 | D        | Bought a fizzy black potion for 18 gold pieces
  2738 | D        | Bought a papyrus book for 300 gold pieces
  2738 | D        | Bought a sharpened copper wand for 80 gold pieces
  2740 | D        | Bought a +0 buckler for 49 gold pieces
  2740 | D        | Bought a +2 cloak for 181 gold pieces
  2744 | D        | Bought a sack of spiders for 200 gold pieces
  2744 | D        | Bought an uncursed amulet of faith for 400 gold pieces
  2744 | D        | Bought a scroll of identify for 20 gold pieces
  2744 | D        | Bought a scroll of identify for 20 gold pieces
  2744 | D        | Bought a potion of brilliance for 40 gold pieces
  2744 | D        | Bought a ration for 50 gold pieces
  2744 | D        | Bought 19 poisoned needles for 76 gold pieces
  2748 | D        | Bought a +2 pair of gloves for 181 gold pieces
  2750 | D        | Bought a scroll labeled RIHENW IFOMM for 20 gold pieces
  2774 | D        | Learned a level 7 spell: Spellforged Servitor
  2801 | D        | Noticed Maurice
  2804 | D        | Killed Maurice
  2816 | D        | Noticed Psyche
  2819 | D        | Killed Psyche
  2819 | D        | Reached skill level 1 in Shields
  2999 | D        | Identified a +1 pair of boots of running (You found it in the Dungeon)
  3024 | D        | Noticed a centaur warrior
  3024 | D        | Noticed a two-headed ogre
  3040 | D        | Killed a two-headed ogre
  3040 | D        | Reached skill level 20 in Spellcasting
  3041 | D        | Noticed a two-headed ogre
  3042 | D        | Shot with an arrow by a centaur warrior

Vault maps used:
D:        linesprint

Skill      XL: |  1  2  3  4  5  6  7  8  9 10 11 |
---------------+----------------------------------+-----
Conjurations   | 7 8 11 12 13 15 16 17 19 | 19.1
Dodging        | 3 5 6 7 8 9 |  9.7
Spellcasting   | 4 5 7 8 9 10 12 15 18 20 | 20.0
Stealth        | 3 4 5 6 7 |  7.1
Unarmed Combat | 1 2 3 4 5 6 |  6.0
Evocations     | 1 2 3 4 5 8 |  8.3
Long Blades    | 1 2 3 4 |  4.4
Fighting       | 1 2 3 |  3.3
Translocations | 1 |  1.2
Poison Magic   | 1 2 |  2.8
Air Magic      | 2 |  2.2
Shields        | 2 |  2.3
Summonings     | |  0.7

Action                   |  1- 3 |  4- 6 |  7- 9 | 10-12 || total
-------------------------+-------+-------+-------+-------++-------
Melee: Unarmed           |    21 |       |       |       ||    21
       Scimitar          |       |     2 |       |     3 ||     5
       Punch             |       |       |       |     1 ||     1
 Cast: Magic Dart        |    10 |     3 |       |     1 ||    14
       Iskenderun's Myst |       |     6 |    28 |   104 ||   138
       Force Lance       |       |       |     1 |       ||     1
       Mephitic Cloud    |       |       |       |     5 ||     5
       Spellforged Servi |       |       |       |     1 ||     1
Evoke: Wand              |       |     4 |     1 |     2 ||     7
       Staff of energy   |       |       |       |    22 ||    22
  Use: Potion            |     1 |       |     1 |       ||     2
       Scroll            |       |       |     2 |     2 ||     4
  Eat: Chunk             |       |       |     1 |     7 ||     8
Armor: Robe              |     4 |     2 |       |       ||     6
Dodge: Dodged            |    11 |    15 |    13 |    17 ||    56
       Rpst.: Scimitar   |       |     1 |     6 |     1 ||     8

Table legend:
 A = Spawn XP
 B = Non-spawn XP
 C = Spawn XP percentage of total XP
 D = Spawn monster count
 E = Non-spawn monster count
 F = Spawn count percentage of total count
 G = Total turns spent on level
                    A         B        C        D         E        F      G
               +---------+---------+-------+---------+---------+-------+---------
         Total |       0 |   18264 |   0.0 |       0 |      93 |   0.0 |  3042
               +---------+---------+-------+---------+---------+-------+---------
             D |       0 |   18264 |   0.0 |       0 |      93 |   0.0 |  3042
               +---------+---------+-------+---------+---------+-------+---------
